[Event "Early-Titled-Tuesday-Blitz-May-14-2024"]
[Site "Chess.com"]
[Date "2024.05.14"]
[Round "1"]
[White "Flaccidmoves"]
[Black "Flawless_Fighter"]
[Result "1-0"]
[WhiteElo "2418"]
[BlackElo "2701"]
[TimeControl "180+1"]
[EndTime "8:07:46 PDT"]
[Termination "Flaccidmoves won by checkmate"]

1. e4 c6 2. Nf3 d5 3. d3 g6 4. Nbd2 Bg7 5. g3 Nf6 6. e5 Ng4 7.
d4 c5 8. h3 Nxf2 9. Kxf2 cxd4 10. Bd3 Nc6 11. Re1 Bxh3 12. Nb3 Bg4 13. Bf4 h6 14. e6 O-O 15. exf7+ Rxf7 16. Bxg6 Rf6 17.
Qd3 e5 18. Nxe5 Nxe5 19. Rxe5 Qd6 20. Bh7+ Kh8 21. Rae1 Raf8 22. Kg1 Rxf4 23. gxf4 Bxe5 24. fxe5 Qe7 25. Rf1 Rc8 26. Nxd4 Qg5 27. Qg6 Qxe5 28. Qf6+ Qxf6 29. Rxf6 Kxh7 30. Rf7+ Kg6 31. Rxb7 Re8 32. Kf2 Re4 33. c3 h5 34. Rxa7 h4 35. b4 Re8 36.
b5 Rf8+ 37. Kg1 h3 38. b6 Re8 39. b7 Re1+ 40. Kh2 Rb1 41. Nb3 Rb2+ 42. Kg3 Rg2+ 43. Kf4 h2 44. b8=Q Rf2+ 45. Ke5 h1=Q 46. Qg8+ Kh5 47.
Rh7# 1-0

[Event "Early-Titled-Tuesday-Blitz-May-14-2024"]
[Site "Chess.com"]
[Date "2024.05.14"]
[Round "1"]
[White "Louis-Paulsen-Fan"]
[Black "ansko1999"]
[Result "0-1"]
[WhiteElo "2332"]
[BlackElo "2655"]
[TimeControl "180+1"]
[EndTime "8:07:48 PDT"]
[Termination "ansko1999 won by resignation"]

1. d4 d5 2. Nf3 c5 3. e3 e6 4. c4 Nf6 5. Nc3 a6 6. a3 Nc6 7. dxc5 Bxc5 8. cxd5 exd5 9. b4 Ba7 10. Bb2 O-O 11. Be2 Bg4 12. O-O Rc8 13. Rc1 Bb8 14. Na4 Qd6 15. g3 Ne4 16. Nc5 Nxc5 17.
Rxc5 Rfd8 18. Nd4 Bxe2 19. Qxe2 Ba7 20. Nxc6 Rxc6 21. Rxc6 Qxc6 22. Rc1 Qd7 23. Qc2 Bb6 24. Qc3 Qg4 25. h3 Qg6 26. Qe5 h6 27. Rd1 Kh7 28.
Kg2 Qe4+ 29. Qxe4+ dxe4 30. Rxd8 Bxd8 31. g4 g6 32. Kg3 Bc7+ 33. f4 f5 34. Bd4 Bd8 35.
a4 b5 36. axb5 axb5 37. Bc5 Kg8 38. h4 fxg4 39. Kxg4 h5+ 40. Kg3 Kf7 41. Kh3 Ke6 42.
Kg3 Kd5 43. Kh3 Bf6 44. Kg3 Kc4 45. f5 gxf5 46. Kf4 Bxh4 47. Kxf5 Kd3 48. Kg6 Bf2 49. Kxh5 Bxe3 50. Be7 Bd2 51. Kg4 e3 52. Kf3 e2 53. Bh4 e1=Q 54. Bxe1 Bxe1 0-1

[Event "Early-Titled-Tuesday-Blitz-May-14-2024"]
[Site "Chess.com"]
[Date "2024.05.14"]
[Round "1"]
[White "Titus369"]
[Black "briesmas"]
[Result "0-1"]
[WhiteElo "2609"]
[BlackElo "2334"]
[TimeControl "180+1"]
[EndTime "8:07:48 PDT"]
[Termination "briesmas won by checkmate"]

1. e4 c5 2. Nf3 d6 3. d4 cxd4 4.
Nxd4 Nf6 5. Nc3 a6 6. h3 e5 7. Nde2 h5 8. Ng1 Be6 9. Bg5 Be7 10. Nf3 Nbd7 11. a4 Rc8 12. Bd3 O-O 13.
O-O Qb6 14. Rb1 Nc5 15. a5 Qb4 16. Bd2 Nxd3 17. Nd5 Bxd5 18. Bxb4 Nxb4 19. exd5 Rxc2 20. Ng5 Rfc8 21. Qf3 Nbxd5 22. b4 R8c3 23. Qd1 Nf4 24. Re1 N6d5 25. Rb3 Bxg5 26. Rxc3 Rxc3 27. Qxh5 Nxh5 28. Rd1 Nhf4 29. h4 Rc1 30. Rxc1 Ne2+ 31. Kf1 Nxc1 32.
hxg5 Nxb4 33. Ke1 Nc6 34. Kd2 Nb3+ 35. Kc3 Nbxa5 36. Kd3 b5 37. Ke4 Ne7 38. Kd3 d5 39.
Kc2 b4 40. Kd2 b3 41. f4 exf4 42. Kc3 Nf5 43. Kb2 d4 44. Ka3 d3 45. Kb2 d2 46. g3 d1=Q 47. gxf4 Qc2+ 48. Ka3 Qa2+ 49. Kb4 Nc6+ 50. Kc3 b2 51. g6 fxg6 52. Kd2 b1=Q+ 53. Kc3 Qbc2# 0-1

[Event "Early-Titled-Tuesday-Blitz-May-14-2024"]
[Site "Chess.com"]
[Date "2024.05.14"]
[Round "1"]
[White "WilsonPalencia21"]
[Black "Darko-Dimitrijevic"]
[Result "1-0"]
[WhiteElo "2589"]
[BlackElo "2207"]
[TimeControl "180+1"]
[EndTime "8:07:48 PDT"]
[Termination "WilsonPalencia21 won on time"]

1. d4 g6 2. c4 Bg7 3. Nf3 b6 4. g3 Bb7 5. Bg2 e6 6. O-O Ne7 7. Nc3 O-O 8. a4 d6 9. a5 a6 10. axb6 cxb6 11. Bg5 h6 12. Bf4 Qc7 13. Qb3 Nd7 14. Qa3 Nc8 15. Rac1 g5 16. Be3 Nf6 17. d5 e5 18. h3 Ne7 19. Na4 Nd7 20. Qb3 Nc8 21. g4 Rb8 22. Nd2 Qd8 23. Be4 Nc5 24. Nxc5 dxc5 25. f3 Nd6 26. Qa3 Re8 27. Bb1 Qd7 28.
Ne4 Nc8 29. Ng3 Ne7 30. b4 cxb4 31. Qxb4 a5 32. Qa3 Ba6 33. Qd3 Ng6 34. Rfd1 Bf8 35. Kg2 Bc5 36. Bxc5 bxc5 37. Nh5 Qd6 38. Qe4 Kf8 39.
Bd3 Rb4 40. Ra1 Reb8 41. Rd2 a4 42. Rda2 Bc8 43. Rxa4 Rxa4 44. Rxa4 Rb6 45. Ra8 Rb8 46. Rxb8 Qxb8 47. Qe3 Qb6 48. Kf2 Qc7 49. Nf6 1-0

[Event "Early-Titled-Tuesday-Blitz-May-14-2024"]
[Site "Chess.com"]
[Date "2024.05.14"]
[Round "1"]
[White "dropstoneDP"]
[Black "mightysmasher"]
[Result "0-1"]
[WhiteElo "2983"]
[BlackElo "2555"]
[TimeControl "180+1"]
[EndTime "8:07:49 PDT"]
[Termination "mightysmasher won by checkmate"]

1. e4 e6 2. d4 d5 3. e5 c5 4. c3 Nc6 5. Nf3 Qb6 6. a3 Bd7 7. b4 cxd4 8. cxd4 Rc8 9. Ra2 Nge7 10. Rc2 Nf5 11. Bb2 Be7 12. Be2 O-O 13. O-O f6 14. g4 Nh6 15. exf6 gxf6 16. h3 Nf7 17. Nc3 Nd6 18. Na4 Qd8 19. Nc5 b6 20. Nxd7 Qxd7 21. Bd3 a5 22. b5 Na7 23. a4 Nc4 24.
Qe2 Nxb2 25. Rxb2 Bb4 26. Rc2 Rxc2 27. Bxc2 Nc8 28. Bd3 Nd6 29. Rc1 Rc8 30. Rc6 Rxc6 31. bxc6 Qc8 32. Ba6 Qe8 33. c7 Qd7 34. Qc2 Nc8 35.
Bxc8 Qxc8 36. Qc6 Kf7 37. g5 fxg5 38. Nxg5+ Ke7 39. Nxe6 Bd6 40. Qxd5 Qg8+ 41. Kf1 Qc8 42. Qg5+ Kd7 43. d5 Be7 44. Qe5 Bd6 45. Qg7+ Be7 46. Qb2 Qa6+ 47. Kg2 Qd3 48. Qe5 Qg6+ 49. Kh2 Qc2 50. Qh5 Qxf2+ 51. Kh1 Qf1+ 52. Kh2 Bd6+ 53.
Nf4 Bxf4# 0-1

[Event "Early-Titled-Tuesday-Blitz-May-14-2024"]
[Site "Chess.com"]
[Date "2024.05.14"]
[Round "1"]
[White "wonderfultime"]
[Black "YouJustFoundYourGodfather"]
[Result "1-0"]
[WhiteElo "3057"]
[BlackElo "2544"]
[TimeControl "180+1"]
[EndTime "8:07:50 PDT"]
[Termination "wonderfultime won by resignation"]

1. d4 Nf6 2. Nf3 e6 3. Bf4 d5 4. e3 Bd6 5. Nbd2 O-O 6. c3 c5 7. Bd3 Qc7 8. Bxd6 Qxd6 9. Ne5 b6 10. Qe2 a5 11. O-O Ba6 12. Bxa6 Nxa6 13. f4 Nc7 14. Rf3 Ne4 15. Nxe4 dxe4 16. Rh3 f6 17. Qh5 h6 18. Ng4 Rf7 19. Qg6 Kf8 20. Qxe4 f5 21. Qe5 Qc6 22. Nf2 Rd8 23. c4 Ne8 24. dxc5 bxc5 25.
e4 fxe4 26. Qxe4 Qxe4 27. Nxe4 Rxf4 28. Nxc5 Kf7 29. b3 Nf6 30. Rd3 Rc8 31. Nd7 Ne4 32. Ne5+ Kf6 33. Nf3 Nc5 34. Re3 g5 35. h3 a4 36. b4 Nd7 37. Rae1 e5 38. Rd1 Rc7 39. Nd2 Nb6 40. Ne4+ Kf5 41. g4+ Kg6 42. Rd6+ Kh7 43. Rxb6 Rxc4 44. Nf6+ Kh8 45. Rb8+ Kg7 46. Nh5+ Kf7 47.
Nxf4 1-0

[Event "Early-Titled-Tuesday-Blitz-May-14-2024"]
[Site "Chess.com"]
[Date "2024.05.14"]
[Round "1"]
[White "MAGMAchess02"]
[Black "Let_it_be_1"]
[Result "0-1"]
[WhiteElo "2282"]
[BlackElo "2616"]
[TimeControl "180+1"]
[EndTime "8:07:50 PDT"]
[Termination "Let_it_be_1 won on time"]

1. Nf3 d5 2. c4 e6 3. g3 Nf6 4.
Bg2 Be7 5. O-O O-O 6. d4 dxc4 7. Qc2 a6 8. a4 Bd7 9. Ne5 Bc6 10. Nxc6 Nxc6 11. e3 Na5 12. Nd2 c5 13. Nxc4 cxd4 14. Nxa5 Qxa5 15. Bxb7 Rab8 16. Bf3 Rfc8 17. Qe2 dxe3 18.
Bxe3 Bc5 19. Rfc1 Bxe3 20. Qxe3 h6 21. b3 Qb4 22. Rab1 a5 23. Kg2 Nd5 24. Bxd5 exd5 25. Qd3 d4 26. Rxc8+ Rxc8 27. Rd1 Rd8 28. Qc4 Qb7+ 29.
f3 Qd7 30. Rd3 Qd6 31. h4 Qe5 32. Kh3 h5 33. Rd2 Qe3 34. Qe2 Qxb3 35. Qe7 Qe6+ 36.
Qxe6 fxe6 37. f4 Kf7 38. Kg2 e5 39. fxe5 Ke6 40. Kf3 Kxe5 41. Rb2 d3 42. Ke3 d2 43.
Rb5+ Rd5 44. Rxd5+ Kxd5 45. Kxd2 Kc4 46. Ke3 Kb4 47.
Kd4 Kxa4 48. Kc4 Ka3 49. Kc3 a4 50. Kc2 Kb4 0-1

[Event "Early-Titled-Tuesday-Blitz-May-14-2024"]
[Site "Chess.com"]
[Date "2024.05.14"]
[Round "1"]
[White "Fh2411"]
[Black "BillCoe"]
[Result "0-1"]
[WhiteElo "2558"]
[BlackElo "2173"]
[TimeControl "180+1"]
[EndTime "8:07:50 PDT"]
[Termination "BillCoe won on time"]

1. d4 d5 2. c4 e6 3. Nc3 Be7 4. Nf3 Nf6 5. Bg5 h6 6. Bh4 O-O 7.
e3 b6 8. cxd5 exd5 9. Be2 Bb7 10. O-O Re8 11. Rc1 Nbd7 12. Nb5 c6 13. Nc3 Ne4 14.
Bg3 Nxg3 15. hxg3 Nf6 16. a3 Bd6 17. b4 b5 18. Nb1 a5 19. Nbd2 axb4 20. axb4 Bxb4 21.
Ne5 Rc8 22. Nb3 Bd6 23. Nd3 Ne4 24. Nbc5 Bxc5 25. Nxc5 Nxc5 26. Rxc5 Qb6 27. Qb3 Ra8 28.
Bg4 Ra4 29. Rfc1 Rea8 30. Bd7 Rc4 31. Bf5 Rxc1+ 32. Rxc1 Qa5 33. Bb1 Qa3 34. Qc2 g6 35. Rd1 Ra4 36. e4 Rc4 37. Qe2 Rc1 38. e5 Rxd1+ 39. Qxd1 Qb4 40. Kh2 Bc8 41. f4 Be6 42. Qc1 Qxd4 43. Qxc6 b4 44. Bxg6 b3 0-1

[Event "Early-Titled-Tuesday-Blitz-May-14-2024"]
[Site "Chess.com"]
[Date "2024.05.14"]
[Round "1"]
[White "grozdanovic_a"]
[Black "NovoselovRoman"]
[Result "0-1"]
[WhiteElo "2321"]
[BlackElo "2643"]
[TimeControl "180+1"]
[EndTime "8:07:51 PDT"]
[Termination "NovoselovRoman won by resignation"]

1. d4 d5 2. Nf3 Nf6 3. g3 e6 4.
Bg2 c5 5. c3 Nc6 6. O-O Be7 7.
Re1 O-O 8. Nbd2 cxd4 9. cxd4 Qb6 10.
Qb3 Nxd4 11. Qxb6 Nxf3+ 12. Nxf3 axb6 13. Bf4 Bd7 14. Rec1 Rfc8 15. a3 Ne4 16. Ne5 Bb5 17. Kf1 f6 18. Nd3 Nc5 19. Nxc5 bxc5 20. h4 Kf7 21. Bd2 Bc6 22. f4 Ra4 23. e3 Rca8 24. Rab1 Bb5+ 25. Kf2 Bd3 26. Ra1 b5 27. f5 Bxf5 28. Bf3 b4 29. Bd1 R4a7 30. a4 c4 31. b3 c3 32. Be1 Bc5 33. g4 Be4 34. Bf3 Bxf3 35. Kxf3 e5 36. Bg3 Rd7 37. g5 d4 38.
gxf6 gxf6 39. Rd1 d3 40. Ke4 Ke6 41. Ra2 Rg8 42. Bh2 f5+ 43. Kf3 e4+ 44. Kf2 c2 45.
Rc1 d2 46. Raxc2 dxc1=Q 47. Rxc1 Rd5 48. a5 Rc8 49. Ke2 Rd3 50. a6 Rxe3+ 51. Kd2 Rc3 52. Rxc3 bxc3+ 53. Kxc3 Bg1+ 0-1

[Event "Early-Titled-Tuesday-Blitz-May-14-2024"]
[Site "Chess.com"]
[Date "2024.05.14"]
[Round "1"]
[White "Fradi82"]
[Black "Ural_bogatyr"]
[Result "1-0"]
[WhiteElo "2198"]
[BlackElo "2561"]
[TimeControl "180+1"]
[EndTime "8:07:51 PDT"]
[Termination "Fradi82 won by resignation"]

1. e4 e5 2. Nf3 Nc6 3. d4 exd4 4. Bc4 Bc5 5. Ng5 Nh6 6. Nxf7 Nxf7 7. Bxf7+ Kxf7 8.
Qh5+ g6 9. Qxc5 d5 10. O-O dxe4 11. c3 Qd6 12. Qg5 h6 13. Qh4 Bf5 14. Bf4 g5 15. Bxd6 gxh4 16. Bxc7 Rhg8 17. g3 dxc3 18. bxc3 Rac8 19.
Bf4 h5 20. Na3 Rg4 21. Nc4 Rcg8 22. Nd6+ Ke6 23. Nxf5 Kxf5 24. Kh1 Rd8 25. Rad1 Rgg8 26. Bc7 Rxd1 27. Rxd1 Rg7 28. Bf4 h3 29. Rd5+ Kg4 30. Kg1 Kf3 31. Kf1 Ne7 32. Rd7 Nf5 33. Rd5 Rf7 34.
Ke1 Ng7 35. Rg5 Ne6 36. Rxh5 Nxf4 37. gxf4 Kg2 38. f5 Kxh2 39. Kf1 Rg7 40. f6 Rg1+ 41. Ke2 Rg6 42. Rf5 Rg8 43. f7 Rf8 44. Ke3 Kg2 45. Rg5+ Kf1 46. Rh5 Rxf7 47. Rxh3 Rf3+ 48.
Rxf3 exf3 49. Kxf3 1-0

[Event "Early-Titled-Tuesday-Blitz-May-14-2024"]
[Site "Chess.com"]
[Date "2024.05.14"]
[Round "1"]
[White "rpragchess"]
[Black "aloe_normansen"]
[Result "1-0"]
[WhiteElo "3091"]
[BlackElo "2545"]
[TimeControl "180+1"]
[EndTime "8:07:55 PDT"]
[Termination "rpragchess won by checkmate"]

1. Nf3 Nf6 2. g3 g6 3. c4 Bg7 4. Nc3 d6 5. Bg2 e5 6. d3 O-O 7. O-O c6 8. e4 Bg4 9. h3 Bxf3 10. Bxf3 Nbd7 11. Be3 a5 12. Bg2 Nc5 13. Kh2 Ne6 14.
f4 exf4 15. gxf4 Nh5 16. d4 f5 17. e5 dxe5 18. fxe5 c5 19. Bd5 Qe7 20. Qf3 cxd4 21. Bxd4 Kh8 22. Bxe6 Qxe6 23. Qd5 Qe7 24. Nb5 Qh4 25.
Qf3 Rad8 26. Bc3 Qxc4 27. Nd6 Qh4 28. Rae1 b5 29. b3 b4 30. Ba1 Rd7 31. Re2 Rc7 32. e6 Bxa1 33. Rxa1 Rc3 34. Re3 Rc2+ 35. Kh1 Qg5 36.
Rg1 Qe7 37. Qd5 Rd8 38. Nf7+ Kg7 39. Nxd8 Qh4 40. Qd7+ Kh6 41. Nf7+ Kg7 42. Ng5+ Kf6 43. Qf7# 1-0

[Event "Early-Titled-Tuesday-Blitz-May-14-2024"]
[Site "Chess.com"]
[Date "2024.05.14"]
[Round "1"]
[White "Dolphin_2010"]
[Black "ferdipy"]
[Result "1-0"]
[WhiteElo "2620"]
[BlackElo "2300"]
[TimeControl "180+1"]
[EndTime "8:07:55 PDT"]
[Termination "Dolphin_2010 won by checkmate"]

1. d4 e5 2. dxe5 d6 3. exd6 Bxd6 4. Nf3 Nc6 5. Bg5 f6 6. Bh4 Bg4 7. Bg3 Ne5 8. Nxe5 fxe5 9. Nd2 Nf6 10. h3 Bh5 11. c3 Qe7 12. Qa4+ c6 13. Ne4 Nxe4 14. Qxe4 Bg6 15. Qc4 O-O-O 16. e3 Kb8 17. Be2 Bf7 18. Qa4 h5 19. O-O g5 20. Bh2 Be6 21.
Rfd1 g4 22. hxg4 hxg4 23. Rxd6 Qxd6 24. Qe4 Rh5 25. f4 Qc5 26. f5 Bxf5 27. Qxe5+ Qxe5 28. Bxe5+ Kc8 29. Kf2 Rd2 30. e4 Be6 31. Bf4 Rxb2 32. Ke3 Rc5 33. Kd4 Ra5 34. Bd3 Rxg2 35. Rh1 Rg3 36.
Bxg3 Rxa2 37. Ke5 Bd7 38. Kd6 b5 39. Rh8+ Kb7 40. Kxd7 Rd2 41. Rb8+ Ka6 42. Kxc6 Rxd3 43. Be5 g3 44. Rxb5 g2 45. Rb1 Ka5 46. Ra1# 1-0

[Event "Early-Titled-Tuesday-Blitz-May-14-2024"]
[Site "Chess.com"]
[Date "2024.05.14"]
[Round "1"]
[White "Incognizance"]
[Black "VacheH009"]
[Result "0-1"]
[WhiteElo "1982"]
[BlackElo "2555"]
[TimeControl "180+1"]
[EndTime "8:07:55 PDT"]
[Termination "VacheH009 won by resignation"]

1. d4 Nf6 2. c4 e6 3. Nf3 b6 4.
Nc3 Bb4 5. g3 Bb7 6. Bg2 Bxc3+ 7.
bxc3 O-O 8. Bg5 h6 9. Bxf6 Qxf6 10. O-O d6 11. Nd2 Bxg2 12. Kxg2 Nd7 13. e4 c5 14. Qf3 cxd4 15. Qxf6 Nxf6 16. cxd4 e5 17.
d5 Rfc8 18. Rfc1 Rc7 19. Rc2 Rac8 20. Rac1 Nd7 21. Nb3 Nc5 22. Nxc5 Rxc5 23. a4 Ra5 24.
Ra1 b5 25. Rb1 bxc4 26. Rb4 c3 27. Rb3 Rxa4 28. f3 Rac4 29. Kf2 R8c7 30. Ke2 g6 31. Kd3 Rd4+ 32. Ke2 Rdc4 33. Kd3 Kf8 34. Rb8+ Ke7 35. Rh8 h5 36. Ra8 Rd4+ 37. Ke2 f5 38. Ke3 fxe4 39. fxe4 Ra4 40. Rh8 Kf6 41. Rf8+ Ke7 42.
Rg8 Rcc4 43. Rxg6 Rxe4+ 44. Kf3 Rec4 45. Re6+ Kd7 46. Rh6 h4 47. Rxh4 Rxh4 48. gxh4 Rxh4 49. Rxc3 Rh3+ 50. Kg2 Rxc3 51. h4 0-1

[Event "Early-Titled-Tuesday-Blitz-May-14-2024"]
[Site "Chess.com"]
[Date "2024.05.14"]
[Round "1"]
[White "Slovineanu"]
[Black "GMSrinath"]
[Result "0-1"]
[WhiteElo "2489"]
[BlackElo "2850"]
[TimeControl "180+1"]
[EndTime "8:07:56 PDT"]
[Termination "GMSrinath won on time"]

1. d4 f5 2. g3 Nf6 3. Bg2 g6 4. Nd2 Bg7 5. e4 fxe4 6. Nxe4 Nxe4 7. Bxe4 O-O 8. Ne2 d5 9. Bg2 Nc6 10. O-O Bg4 11. f3 Bf5 12. f4 Kh8 13. c3 Qd7 14.
Be3 Bh3 15. Qd2 Rae8 16. Rae1 Nd8 17. Nc1 Bxg2 18. Qxg2 Qb5 19. Qe2 Qa5 20. a3 Nf7 21. Nd3 Nd6 22. Nc5 e6 23. Bc1 Nf5 24. Nxb7 Qb6 25.
Nc5 Nxd4 26. cxd4 Bxd4+ 27. Be3 Bxc5 28. Bxc5 Qxc5+ 29. Qf2 Qb6 30. Re5 Rb8 31. b4 Rfe8 32. Rfe1 d4 33. Qa2 Rbd8 34. Rxe6 d3+ 35. Kf1 Rxe6 36.
Rxe6 d2 37. Qa1+ Qd4 38. Re8+ Kg7 39. Re7+ Kf8 0-1

[Event "Early-Titled-Tuesday-Blitz-May-14-2024"]
[Site "Chess.com"]
[Date "2024.05.14"]
[Round "1"]
[White "DominguezOnYoutube"]
[Black "Journey_to_GrandMaster_YT"]
[Result "0-1"]
[WhiteElo "3002"]
[BlackElo "2556"]
[TimeControl "180+1"]
[EndTime "8:07:58 PDT"]
[Termination "Journey_to_GrandMaster_YT won on time"]

1. e4 d6 2. d4 Nf6 3. Nc3 e5 4.
Nf3 Nbd7 5. Bc4 Be7 6. O-O O-O 7.
a4 c6 8. Re1 a5 9. h3 Nb6 10. Ba2 Nfd7 11. Be3 exd4 12. Nxd4 Nc5 13. Qd2 Nbxa4 14. Nxa4 Nxa4 15. Bxf7+ Rxf7 16. Rxa4 Bd7 17. Raa1 b5 18. Rad1 Qc7 19. Ne2 Rd8 20. Bf4 Be6 21. Nd4 Bc8 22. Bg3 Bf6 23. c3 Qb6 24. Nf3 Be7 25.
Nd4 Rff8 26. Kh2 Kh8 27. f4 c5 28. Nf3 Be6 29. f5 Bb3 30. Ra1 a4 31. Bh4 Bxh4 32. Nxh4 d5 33. e5 d4 34. e6 Qd6+ 35. Kh1 dxc3 36.
Qxc3 b4 37. Qe3 Rde8 38. Qg5 Qd4 39. Re2 Qf6 40. Qh5 Kg8 41. Rd2 a3 42. Qg4 c4 43.
Qe4 axb2 44. Rg1 c3 45. Rf2 Bxe6 46. Qxb4 Ba2 47. Nf3 Rb8 48. Qa3 b1=Q 49. Rxb1 Bxb1 50. Kh2 c2 51. Rf1 Qxf5 52. Kh1 Kh8 53. Rg1 Qf4 54. Qc3 Rfc8 55. Qa3 Qb4 56. Qc1 Qb2 0-1

[Event "Early-Titled-Tuesday-Blitz-May-14-2024"]
[Site "Chess.com"]
[Date "2024.05.14"]
[Round "1"]
[White "CrushingKings"]
[Black "stepanosinovsky"]
[Result "1-0"]
[WhiteElo "2622"]
[BlackElo "2302"]
[TimeControl "180+1"]
[EndTime "8:07:58 PDT"]
[Termination "CrushingKings won by resignation"]

1. Nf3 Nf6 2. g3 g6 3. b3 Bg7 4. Bb2 O-O 5. Bg2 d6 6. d4 Nbd7 7. O-O e5 8. c4 Re8 9. dxe5 Ng4 10. Nc3 Ngxe5 11. Qd2 Nxf3+ 12. exf3 a5 13. f4 Nc5 14.
Nd5 c6 15. Bxg7 Kxg7 16. Qc3+ f6 17. Ne3 Qc7 18. Rad1 Be6 19. g4 Rad8 20. Rfe1 Bc8 21. h4 Qe7 22. Rd4 Ne6 23. Re4 d5 24. cxd5 cxd5 25.
Nxd5 Rxd5 26. Rxe6 Bxe6 27. Bxd5 Qd7 28. Bxe6 Rxe6 29. Rxe6 Qxe6 30. Qf3 b6 31. g5 Qd6 32.
Kg2 Kf7 33. Kg3 Kg7 34. Qb7+ Kg8 35. Qe4 Kf7 36. Kg2 Kg7 37. Kh3 Kf7 38. Kg3 Kf8 39. Kg2 Kf7 40. f5 Kg7 41. Kf3 Kf7 42. fxg6+ hxg6 43. gxf6 Qc5 44. Qe7+ Qxe7 45. fxe7 Kxe7 46. Kf4 Kf6 47. Ke4 Ke6 48. f3 Kf6 49. Kf4 Ke6 50. Kg5 Kf7 51. f4 Kg7 52. f5 gxf5 53. Kxf5 1-0

[Event "Early-Titled-Tuesday-Blitz-May-14-2024"]
[Site "Chess.com"]
[Date "2024.05.14"]
[Round "1"]
[White "TomLiu777"]
[Black "english_player_89"]
[Result "0-1"]
[WhiteElo "2261"]
[BlackElo "2604"]
[TimeControl "180+1"]
[EndTime "8:07:58 PDT"]
[Termination "english_player_89 won on time"]

1. c4 e5 2. Nc3 Nf6 3. Nf3 d6 4. d4 Nbd7 5. g3 g6 6. Bg2 Bg7 7. O-O O-O 8. e3 c6 9. a4 Re8 10. a5 e4 11. Nd2 d5 12. cxd5 cxd5 13. f3 Bh6 14. fxe4 Bxe3+ 15. Kh1 Bxd4 16. exd5 Nc5 17. Nc4 Bxc3 18. bxc3 Bf5 19. Bg5 Nce4 20. Bh4 Rc8 21. Qd4 Qxd5 22. Bxf6 Qxd4 23. Bxd4 Rxc4 24. Rae1 h5 25.
Bxa7 Rxc3 26. Bd4 Ra3 27. Bb6 Re6 28. Rd1 Re8 29. Rde1 Ra2 30. Bf3 Re6 31. Bg2 Rb2 32. Rd1 Ra2 33. Rd8+ Kg7 34. Rd7 g5 35. Rxb7 Kg6 36.
Rc7 Nd2 37. Rg1 Be4 38. Bxe4+ Rxe4 39. Rc6+ f6 40. Bd8 Re2 41. Rxf6+ Kg7 42. Rgf1 Nxf1 43. Kg1 Nxh2 44. Rd6 Ng4 0-1

[Event "Early-Titled-Tuesday-Blitz-May-14-2024"]
[Site "Chess.com"]
[Date "2024.05.14"]
[Round "1"]
[White "Antosha_Chekhonte"]
[Black "cycygogne"]
[Result "0-1"]
[WhiteElo "2563"]
[BlackElo "2199"]
[TimeControl "180+1"]
[EndTime "8:07:58 PDT"]
[Termination "cycygogne won by checkmate"]

1. e4 d5 2. exd5 Qxd5 3. Nf3 Nf6 4. Be2 Bg4 5. h3 Bh5 6. d4 Nc6 7. O-O O-O-O 8. c4 Qd7 9. d5 Bxf3 10. Bxf3 Ne5 11.
Nc3 Nxf3+ 12. Qxf3 e6 13. Qe3 Kb8 14. Nb5 b6 15.
dxe6 fxe6 16. Qb3 a6 17. Nc3 Bc5 18. Na4 Bd4 19. Bg5 h6 20. Bh4 g5 21. Bg3 e5 22.
Rfe1 Rhe8 23. Rad1 Qc6 24. Nc3 Nh5 25. Bh2 Nf4 26.
Bxf4 gxf4 27. Nd5 Rg8 28. Kh1 Bxf2 29. Rxe5 Bc5 30. Qf3 Bd6 31. Re6 Rg3 32. Qe4 Rdg8 33. Rf1 Qc5 34. Re8+ Rxe8 35. Qxe8+ Kb7 36. Qe4 Qc6 37. Qe2 h5 38. b3 h4 39. Rf3 Qc5 40. Kh2 Qd4 41. Kh1 Qa1+ 42. Kh2 Qd4 43. Qf2 Qa1 44.
Qf1 Qd4 45. Kh1 Qb2 46. Qf2 Qa1+ 47. Qg1 Qxa2 48. Rxg3 hxg3 49. Qd1 Bc5 50. Nf6 Qf2 51. h4 f3 52. Qd5+ Ka7 53. gxf3 Qh2# 0-1

[Event "Early-Titled-Tuesday-Blitz-May-14-2024"]
[Site "Chess.com"]
[Date "2024.05.14"]
[Round "1"]
[White "RobertoJBM"]
[Black "UF_10"]
[Result "1-0"]
[WhiteElo "2853"]
[BlackElo "2492"]
[TimeControl "180+1"]
[EndTime "8:07:59 PDT"]
[Termination "RobertoJBM won by resignation"]

1. d4 Nf6 2. Nf3 d5 3. e3 c6 4. Be2 Bf5 5. O-O e6 6. Bd3 Bg6 7. b3 Nbd7 8. Ba3 Bxa3 9. Nxa3 O-O 10. c4 Bh5 11. Be2 Qe7 12. Qc1 h6 13. Re1 Rac8 14.
Qb2 Rfe8 15. Rac1 Ne4 16. Nb1 a5 17. Nc3 Nef6 18. h3 Qd6 19. Red1 Qe7 20. Na4 Ne4 21. Nc3 Nef6 22. Qd2 Qb4 23. Na4 Ne4 24. Qe1 Ra8 25. cxd5 exd5 26. Qxb4 axb4 27. Rc2 Ra5 28. g4 Bg6 29. Bd3 b5 30. Nc5 Ndxc5 31. dxc5 Rea8 32. Ne5 R8a6 33. Nxg6 fxg6 34. Bxe4 dxe4 35. Rdd2 Kf7 36. Kg2 Ke7 37. Kg3 g5 38. h4 Ra7 39. hxg5 hxg5 40.
Kg2 Rd7 41. Rxd7+ Kxd7 42. Rd2+ Kc7 43. f3 exf3+ 44. Kxf3 Ra8 45. e4 Rf8+ 46. Ke3 Rf4 47. e5 Rxg4 48. e6 Rg3+ 49. Ke4 Rg4+ 50. Kf5 Rf4+ 51.
Kxg5 Rf6 52. Rd7+ Kc8 53. Rd6 Rf8 54. Kg6 Kc7 55. Kxg7 Re8 56. Kf7 1-0

[Event "Early-Titled-Tuesday-Blitz-May-14-2024"]
[Site "Chess.com"]
[Date "2024.05.14"]
[Round "1"]
[White "Bilan_Danila"]
[Black "Escudito"]
[Result "1-0"]
[WhiteElo "2659"]
[BlackElo "2337"]
[TimeControl "180+1"]
[EndTime "8:07:59 PDT"]
[Termination "Bilan_Danila won by resignation"]

1. d4 d5 2. Nf3 e6 3. g3 c5 4.
Bg2 Nc6 5. O-O Nf6 6. c4 Be7 7.
cxd5 exd5 8. Nc3 O-O 9. dxc5 Bxc5 10. Bg5 d4 11. Ne4 Be7 12. Bxf6 Bxf6 13. Rc1 Re8 14. Nc5 Qe7 15. Re1 Bg4 16. h3 Bf5 17. Qb3 b6 18.
Nd3 Be4 19. Nd2 Bxg2 20. Kxg2 Rac8 21. Nf3 h6 22. Nf4 Qe4 23. Qd5 Qxd5 24. Nxd5 Be5 25.
Rc2 Kf8 26. Rec1 Ne7 27. Rxc8 Nxc8 28. Nxe5 Nd6 29. Nd7+ Kg8 30. N7f6+ gxf6 31. Nxf6+ Kf8 32. Nxe8 Kxe8 33. Kf3 Kd7 34. h4 a6 35. g4 f6 36. Kf4 b5 37. a3 Nc4 38. Rc2 Kd6 39.
Ke4 Ne5 40. f3 Ng6 41. h5 Ne5 42. Rc8 Nc6 43. Rh8 Na5 44. Rxh6 Nc4 45. Rxf6+ Ke7 46. Rxa6 Nxb2 47. h6 Nc4 48. h7 Nd6+ 49. Rxd6 Kxd6 50. h8=Q b4 51. Qxd4+ 1-0

[Event "Early-Titled-Tuesday-Blitz-May-14-2024"]
[Site "Chess.com"]
[Date "2024.05.14"]
[Round "1"]
[White "edgarhay012"]
[Black "GambitGiesbergen"]
[Result "1-0"]
[WhiteElo "2640"]
[BlackElo "2315"]
[TimeControl "180+1"]
[EndTime "8:07:59 PDT"]
[Termination "edgarhay012 won by checkmate"]

1. e4 c5 2. Nc3 Nc6 3. Bb5 Nd4 4. Bc4 f5 5. d3 d6 6. Nge2 Nf6 7. O-O a6 8. a4 e6 9. Nxd4 cxd4 10. Ne2 e5 11.
exf5 Bxf5 12. Ng3 Bg6 13. f4 Be7 14. Qe2 Qc7 15. Bd2 O-O-O 16. Be6+ Kb8 17. f5 Be8 18. c3 dxc3 19. bxc3 d5 20. Be3 h5 21. Rfb1 h4 22. Nf1 Bc5 23. d4 exd4 24. cxd4 Bb6 25. a5 Ba7 26.
Ra2 Ka8 27. h3 Ne4 28. Rc2 Bc6 29. Rbc1 Qd6 30. Rxc6 bxc6 31. Qxa6 c5 32. Qxd6 Rxd6 33. dxc5 Rdd8 34. Bd4 Rc8 35. Bxd5+ Kb8 36. Be5+ Rc7 37. Bxe4 Re8 38. Bxc7+ Kxc7 39. Bf3 Re5 40. Nh2 Bxc5+ 41. Kf1 Rxf5 42. Ng4 Kb8 43. a6 Ka7 44. Nf2 Kxa6 45. Nd3 Bb6 46. Ra1+ Kb5 47. Rb1+ Ka6 48. Nb4+ Ka5 49.
Nc6+ Ka6 50. Ne7 Ra5 51. Nd5 Bc5 52. Be2+ Ka7 53. Nc7 Bd4 54. Nb5+ Ka8 55. Nxd4 Ka7 56. Nc6+ Ka8 57. Rb8# 1-0

[Event "Early-Titled-Tuesday-Blitz-May-14-2024"]
[Site "Chess.com"]
[Date "2024.05.14"]
[Round "1"]
[White "TitarovVasiliYouTube"]
[Black "GMthekingindian"]
[Result "1-0"]
[WhiteElo "2624"]
[BlackElo "2304"]
[TimeControl "180+1"]
[EndTime "8:08:00 PDT"]
[Termination "TitarovVasiliYouTube won on time"]

1. Nf3 d5 2. g3 g6 3. Bg2 Bg7 4.
d4 c6 5. O-O Nf6 6. c4 dxc4 7.
a4 O-O 8. Na3 Nbd7 9. Nxc4 Nb6 10.
Nce5 Be6 11. a5 Nc4 12. a6 Qb6 13. axb7 Qxb7 14. Nd3 Bd5 15. Nc5 Qb5 16. b3 Na5 17.
Rb1 Rab8 18. Ne5 Bxg2 19. Kxg2 Rfd8 20. e3 Nd5 21. Qc2 Nb4 22. Qc3 Na2 23. Qa1 Bxe5 24.
Qxa2 Bd6 25. Bd2 Bxc5 26. Qxa5 Bb6 27. Qxb5 cxb5 28. Rfc1 Rdc8 29. Bb4 e6 30. Bd6 Ra8 31.
b4 f6 32. Kf3 Kf7 33. Ke4 Ke8 34. Kd3 Kd7 35. Bc5 Bxc5 36. bxc5 Kc6 37. e4 Rd8 38. Ke3 a5 39. Rd1 b4 40. Kd3 Kb5 41. Ke3 Ra7 42. Rdc1 Rc7 43. Rc2 a4 44. Kd3 b3 45.
Kc3 Kc6 46. Rd2 Rdd7 47. Kc4 Rb7 48. d5+ exd5+ 49. exd5+ Rxd5 50. Rxd5 Rb4+ 51. Kxb4 Kxd5 52. Kxa4 1-0